 Dungeon Crawl Stone Soup version 0.27-a0-1500-g450c7e4133 (webtiles) character file.

Game seed: 17328216217018672900

749 apoch the Cleaver (level 7, 0/57 HPs)
             Began as a Hill Orc Fighter on July 6, 2021.
             Was an Initiate of Cheibriados.
             Succumbed to a scorpion's poison
             ... on level 5 of the Dungeon on July 7, 2021.
             The game lasted 00:11:37 (4845 turns).

apoch the Cleaver (Hill Orc Fighter)                Turns: 4845, Time: 00:11:38

Health: 0/57       AC: 11    Str: 22    XL:     7   Next: 77%
Magic:  7/7        EV:  6    Int:  9    God:    Cheibriados [......]
Gold:   165        SH: 10    Dex: 17    Spells: 6/6 levels left

rFire    . . .     SeeInvis .   a - +1 war axe (spect)
rCold    . . .     Faith    .   c - +0 kite shield
rNeg     . . .     Spirit   .   i - +0 chain mail
rPois    +         Reflect  .   t - +0 helmet
rElec    .         Harm     .   (no cloak)
rCorr    .         Rampage  .   (no gloves)
Will     .....                  j - +0 pair of boots
Stlth    ..........             (no amulet)
HPRegen  0.19/turn              m - +6 ring of dexterity
MPRegen  0.10/turn              u - ring of poison resistance

@: lethally poisoned (0 -> -2), very slow
A: no striking features
a: Renounce Religion, Bend Time


You were on level 5 of the Dungeon.
You worshipped Cheibriados.
Cheibriados was noncommittal.
You visited 2 branches of the dungeon, and saw 6 of its levels.

You collected 165 gold pieces.

Inventory:

Hand Weapons
 a - a +1 spectral war axe (weapon)
 k - a +0 flail
Armour
 c - a +0 kite shield (worn)
 i - a +0 chain mail (worn)
 j - a +0 pair of boots (worn)
 t - a +0 helmet (worn)
Jewellery
 m - a +6 ring of dexterity (left hand)
 u - a ring of poison resistance (right hand)
 y - a ring of see invisible
Scrolls
 e - a scroll of amnesia
Potions
 d - a potion of might
 f - a potion of attraction {unknown}
 h - a potion of brilliance {unknown}
 n - a potion of ambrosia {unknown}
 o - 2 potions of cancellation
 p - a potion of mutation {unknown}
 q - 2 potions of heal wounds {unknown}
 s - a potion of haste {unknown}
 v - a potion of curing {unknown}


   Skills:
 - Level 3.6 Fighting
 + Level 10.6 Axes
 - Level 3.2 Armour
 + Level 1.3 Dodging
 + Level 1.0 Stealth
 - Level 3.2 Shields


You had 6 spell levels left.
You didn't know any spells.
Your spell library contained the following spells:

 Spells                   Type           Power      Damage    Failure   Level
 Poisonous Vapours        Pois/Air       0%         N/A       100%        2
 Mephitic Cloud           Conj/Pois/Air  0%         N/A       100%        3
 Freezing Cloud           Conj/Ice/Air   0%         6-21      100%        5
 Summon Forest            Summ/Tloc      0%         N/A       100%        5
 Summon Mana Viper        Hex/Summ       0%         N/A       100%        5
 Shadow Creatures         Summ           N/A        N/A       100%        6


Dungeon Overview and Level Annotations

Branches:
Dungeon (5/15)             Temple (1/1) D:4

Altars:
Ashenzari
Cheibriados
Dithmenos
Qazlal
Sif Muna
Zin

Shops:
D:1 =   D:3 =


Message History

You hear an angry hiss. x2; You hear a shout!
You hit the scorpion but do no damage.
The scorpion is almost dead.
You feel sick. You block the scorpion's attack.
Your chain mail prevents you from hitting the scorpion.
The scorpion is almost dead.
You feel sick. You block the scorpion's attack. The scorpion stings you.
You are more poisoned.
The scorpion poisons you!
You hit the scorpion.
You kill the scorpion!
Cheibriados thoroughly appreciates the change of pace.
You feel very sick.
The howler monkey hoots and howls with incredible vigour!
The wyvern barely misses you.
You slash the wyvern!
The wyvern is heavily wounded.
You feel sick. The wyvern bites you!
You hit the wyvern.
The wyvern is severely wounded.
You feel very sick. The wyvern bites you. The wyvern barely misses you.
You closely miss the wyvern.
The wyvern is severely wounded.
You feel sick. You block the wyvern's attack.
The wyvern bites you but does no damage.
You hit the wyvern.
The wyvern is severely wounded.
You feel sick. The wyvern bites you!
* * * LOW HITPOINT WARNING * * *
The wyvern bites you.
* * * LOW HITPOINT WARNING * * *
Your shield and chain mail prevent you from hitting the wyvern.
The wyvern is severely wounded.
* * * LOW HITPOINT WARNING * * *
You feel sick.
The wyvern bites you but does no damage.
The howler monkey hoots and howls with incredible vigour!
You hear an angry hiss.
You hear a shout!
You die...

...#...... #.##.##.#
#.##.#..####..
#.#..........#
###....#.#######
#hg..#...#
#l##.##..#
###.##....#####..
#.@.##..#.#.....#
#.###.......#
#.##....#.###
##......##.#
####......###>#
##........## #.#
#####..#....######.#
................##.#
...>.....######....#


You could see a wyvern, a howler monkey (catching breath) and a gnoll.

Vanquished Creatures
  A necrophage (D:3)
  2 ogres
  3 scorpions
  A bullfrog skeleton (D:5)
  A hound (D:4)
  An orc priest (D:4)
  An orc wizard (D:3)
  Robin (D:3)
  3 gnolls (D:2)
  5 adders
  6 worms
  A dart slug (D:2)
  10 orcs
  10 endoplasms
  A giant cockroach (D:3)
  9 hobgoblins
  3 jackals (D:2)
  5 kobolds
  2 quokkas
  3 ball pythons
  5 bats
  10 frilled lizards (D:1)
  12 goblins
  A jackal skeleton (D:4)
  3 rats
100 creatures vanquished.

Notes
Turn   | Place    | Note
-------+----------+-------------------------------------------
     0 | D:1      | apoch the Hill Orc Fighter began the quest for the Orb.
     0 | D:1      | Reached XP level 1. HP: 19/19 MP: 1/1
    55 | D:1      | Reached skill level 3 in Axes
   365 | D:1      | Reached XP level 2. HP: 25/26 MP: 2/2
   483 | D:1      | Reached skill level 4 in Axes
   502 | D:1      | Found Luc Pad's Jewellery Emporium.
  1150 | D:2      | Reached XP level 3. HP: 31/31 MP: 3/3
  1435 | D:2      | Reached skill level 5 in Axes
  1581 | D:2      | Found a faded altar of an unknown god.
  1644 | D:2      | Reached XP level 4. HP: 37/39 MP: 4/4
  1721 | D:2      | Noticed a scorpion
  1730 | D:2      | Killed a scorpion
  1731 | D:2      | Reached skill level 6 in Axes
  1731 | D:2      | Reached XP level 5. HP: 16/45 MP: 5/5
  2763 | D:3      | Reached skill level 1 in Dodging
  2776 | D:3      | Upgraded the game from 0.27-a0-1456-gf5a116941d to
                  | 0.27-a0-1500-g450c7e4133
  2831 | D:3      | Reached skill level 7 in Axes
  2838 | D:3      | Found Umeott's Jewellery Boutique.
  3051 | D:3      | Noticed an ogre
  3055 | D:3      | Killed an ogre
  3056 | D:3      | Reached skill level 8 in Axes
  3056 | D:3      | Reached XP level 6. HP: 30/51 MP: 6/6
  3475 | D:3      | Noticed a necrophage
  3489 | D:3      | Killed a necrophage
  3513 | D:3      | Noticed Robin
  3523 | D:3      | Killed Robin
  3524 | D:3      | Reached skill level 9 in Axes
  3998 | D:4      | Reached XP level 7. HP: 55/57 MP: 7/7
  4251 | D:4      | Found a staircase to the Ecumenical Temple.
  4261 | Temple   | Entered the Ecumenical Temple
  4270 | Temple   | Became a worshipper of Cheibriados the Contemplative
  4611 | D:5      | Entered Level 5 of the Dungeon
  4778 | D:5      | Reached skill level 10 in Axes
  4778 | D:5      | Reached skill level 1 in Stealth
  4828 | D:5      | Noticed a wyvern
  4844 | D:5      | HP: 2/57 [poisoned by a scorpion]
  4845 | D:5      | Succumbed to a scorpion's poison

Illustrated notes

Levels and vault maps discovered:
D:1:      ebering_hopf_link, layout_rooms, serial_shops, nicolae_diamond_shop,
          minmay_lizard_pond
D:2:      layout_loops_corners, serial_forest, infiniplex_forest_clump_long,
          infiniplex_forest_zigzag_1, infiniplex_forest_side_room,
          infiniplex_forest_lined_room_3, infiniplex_forest_lined_2,
          infiniplex_forest_end_double, infiniplex_forest_lined_2,
          infiniplex_forest_corner_2, infiniplex_forest_lined_2,
          infiniplex_forest_lined_corner, hellmonk_ecumenical_altar_slurped_away
D:3:      layout_loops_ring, serial_shops, nicolae_shop_crystal, uniq_robin
D:4:      layout_cave_pods, minmay_temple_entry_stoned_glass,
          corexii_hall_statues_l
D:5:      layout_rooms
Temple:   nicolae_temple_the_god_donut

Skill      XL: |  1  2  3  4  5  6  7 |
---------------+----------------------+-----
Axes           | 3 4 5 6 8 9 10 | 10.6
Dodging        | 1 |  1.3
Stealth        | 1 |  1.0
Fighting       | |  3.6
Armour         | |  3.2
Shields        | |  3.2

Action                   |  1- 3 |  4- 6 |  7- 9 || total
-------------------------+-------+-------+-------++-------
Melee: War axe           |   110 |   138 |    52 ||   300
  Use: Scroll            |       |       |     8 ||     8
Armor: Scale mail        |    16 |       |       ||    16
       Chain mail        |    33 |    63 |    17 ||   113
Dodge: Dodged            |    25 |    34 |    10 ||    69
Block: Kite shield       |    58 |    46 |    20 ||   124

Table legend: (Time is in decaauts)
 A = Elapsed time spent in this place.
 B = Non-inter-level travel time spent in this place.
 C = Inter-level travel time spent in this place.
 D = Time resting spent in this place.
 E = Time spent auto-exploring this place.
 F = Levels seen in this place.
 G = Mean time per level.
                   A        B        C        D        E       F      G
               +--------+--------+--------+--------+--------+-----+--------+
         Total |   5066 |   4930 |    136 |   1167 |   2789 |   6 |  844.3 |
       Dungeon |   5045 |   4909 |    136 |   1167 |   2789 |   5 | 1009.0 |
        Temple |     20 |     20 |      0 |      0 |      0 |   1 |   20.0 |
               +--------+--------+--------+--------+--------+-----+--------+

Top non-repeatable levels by time:
     D:2: 1735 daAuts
     D:1: 1051 daAuts
     D:4: 1040 daAuts
     D:3: 965 daAuts
     D:5: 253 daAuts
  Temple: 20 daAuts
